 Dungeon Crawl Stone Soup version 0.19.1 (webtiles) character file.

126 dohliylev the Sneak (level 4, 0/31 HPs)
             Began as a Vampire Enchanter on Nov 27, 2016.
             Slain by an orc
             ... wielding a +0 club
              (3 damage)
             ... on level 3 of the Dungeon on Nov 29, 2016.
             The game lasted 00:16:52 (3070 turns).

dohliylev the Sneak (Vampire Enchanter)             Turns: 3070, Time: 00:16:53

Health: 0/31       AC:  4    Str:  7    XL:     4   Next: 84%
Magic:  1/7        EV: 13    Int: 17    God:
Gold:   96         SH:  0    Dex: 15    Spells: 3 memorised, 1 level left

rFire  . . .     SeeInvis +     i - +0 spear (curse)
rCold  . . .     Gourm    .     b - +1 robe
rNeg   + . .     Faith    .     (no shield)
rPois  .         Spirit   .     (no helmet)
rElec  .         Reflect  .     (no cloak)
rCorr  .         Harm     .     (no gloves)
MR     .....                    v - +0 pair of boots
Stlth  +++.......               t - amulet of inaccuracy (curse)
                                (no ring)
                                (no ring)

@: no status effects
A: fangs 3, see invisible, unbreathing
a: Bat Form


You were on level 3 of the Dungeon.
You were not thirsty.

You visited 1 branch of the dungeon, and saw 3 of its levels.

You collected 96 gold pieces.

Inventory:

Hand Weapons
 a - a +4 dagger
 i - a cursed +0 spear (weapon)
 m - a +0 short sword of draining
Missiles
 f - 35 poisoned needles
 p - 2 tomahawks (quivered)
Armour
 b - a +1 robe (worn)
 r - a +0 pair of boots
 v - a +0 pair of boots (worn)
Jewellery
 t - a cursed amulet of inaccuracy (around neck)
Scrolls
 g - a scroll of enchant armour {unknown}
 h - a scroll of noise {unknown}
 j - a scroll of magic mapping {unknown}
 o - a scroll of teleportation {unknown}
 s - a scroll of identify {unknown}
 w - a scroll of immolation {unknown}
Potions
 d - 8 potions of blood
 e - 2 potions of curing {unknown}
 k - a potion of flight {unknown}
 l - a potion of might {unknown}
 n - a potion of haste
 q - a potion of mutation {unknown}
 u - a potion of cancellation {unknown}
 x - a potion of lignification {unknown}
Books
 c - a book of Maledictions

   Spells                             Type                      Level
   a - Corona                         Hexes                        1
   b - Ensorcelled Hibernation        Hexes/Ice                    2
   c - Confuse                        Hexes                        3
   d - Tukima's Dance                 Hexes                        3
   e - Dazzling Spray                 Conjuration/Hexes            3


   Skills:
 + Level 0.5 Fighting
 + Level 1.5 Short Blades
 + Level 2.6 Dodging
 + Level 6.3 Stealth
 + Level 2.3 Spellcasting
 + Level 0.1 Conjurations
 + Level 5.3 Hexes
 + Level 1.1 Ice Magic


You had one spell level left.
You knew the following spells:

 Your Spells              Type           Power        Failure   Level  Hunger
a - Corona                Hex            ###....      2%          1    #......
b - Ensorcelled Hibernat  Hex/Ice        ##....       10%         2    ##.....
c - Dazzling Spray        Conj/Hex       ##....       21%         3    ###....


Dungeon Overview and Level Annotations

Branches:
Dungeon (3/15)

Altars:


Innate Abilities, Weirdness & Mutations

You have razor-sharp teeth.
You have supernaturally acute eyesight. (SInv)
You can survive without breathing.


Message History

The orc hits you with a club. The orc hits you with a club.
* * * LOW HITPOINT WARNING * * *
The orc closely misses you.
Casting: Dazzling Spray
Confirm with . or Enter, or press ? or * to list all spells.
Aiming: Dazzling Spray
Press: ? - help, Shift-Dir - straight line, f - orc
Aim: an orc, wielding a club and wearing a runed scale mail (fast)
The spray of energy hits the orc.
The orc is dazzled.
The orc closely misses you. The orc closely misses you.
The orc hits you with a club.
* * * LOW HITPOINT WARNING * * *
The orc is no longer blind.
The orc priest looks braver for a moment.
The orc hits you with a club.
* * * LOW HITPOINT WARNING * * *
The orc is no longer moving quickly.
The orc hits you with a club.
You die...

..........##.....................
..........##.....................
..........######.................
...#..........##.....###.........
..............##.....# #.........
..............##.....###.........
.................................
...##.........o..#######.........
.>.........o...o@................
....#............####............
....#.........#######.....#####..
..#o#########.............#####..
..#.# #................##.#.....#
...o###.........................#
.......................[.........
..........###....................
..........# #.........)..........


You could see an orc priest and 2 orcs.

Vanquished Creatures
  6 adders
  A worm (D:2)
  4 dart slugs
  A leopard gecko (D:3)
  2 ball pythons (D:3)
  2 giant cockroaches (D:2)
  11 goblins
  5 hobgoblins
  2 quokkas (D:2)
  12 bats
  4 frilled lizards
  10 kobolds
  3 rats
63 creatures vanquished.

Notes
Turn   | Place    | Note
-------+----------+-------------------------------------------
     0 | D:1      | dohliylev the Vampire Enchanter began the quest for the Orb.
     0 | D:1      | Reached XP level 1. HP: 13/13 MP: 3/3
   102 | D:1      | Reached XP level 2. HP: 19/19 MP: 5/5
   346 | D:1      | Learned a level 2 spell: Ensorcelled Hibernation
   485 | D:1      | Reached skill level 5 in Hexes
   626 | D:2      | Reached XP level 3. HP: 24/24 MP: 0/6
   846 | D:2      | Reached skill level 5 in Stealth
  1014 | D:2      | Reached XP level 4. HP: 30/30 MP: 7/7
  1073 | D:2      | Reached skill level 6 in Stealth
  2100 | D:2      | Learned a level 3 spell: Dazzling Spray
  2242 | D:3      | Reached skill level 1 in Ice Magic
  3070 | D:3      | Slain by an orc

Skill      XL: |  1  2  3  4 |
---------------+-------------+-----
Hexes          | 5 |  5.3
Stealth        | 5 6 |  6.3
Ice Magic      | 1 |  1.1
Fighting       | |  0.5
Short Blades   | |  1.5
Dodging        | |  2.6
Spellcasting   | |  2.3
Conjurations   | |  0.1

Action                   |  1- 3 |  4- 6 || total
-------------------------+-------+-------++-------
Melee: Dagger            |    75 |    32 ||   107
       Bite              |     3 |    11 ||    14
       Spear             |       |   131 ||   131
Throw: Tomahawk          |       |     2 ||     2
 Cast: Corona            |     9 |     1 ||    10
       Ensorcelled Hiber |     7 |    23 ||    30
       Dazzling Spray    |       |    12 ||    12
 Abil: End Transformatio |       |     1 ||     1
       Bat Form          |       |     1 ||     1
 Stab: Sleeping          |    14 |     7 ||    21
  Eat: Corpse            |    10 |     7 ||    17
Armor: Robe              |    22 |    63 ||    85
Dodge: Dodged            |    64 |   161 ||   225
